 Dungeon Crawl Stone Soup version 0.28.0-53-g5a82cb258f (webtiles) character file.

Game seed: 11651915563107410691

362 Peloso the Skirmisher (level 6, 56/56 HPs)
             Began as a Minotaur Fighter on June 7, 2022.
             Was an Initiate of Okawaru.
             Got out of the dungeon alive.
             The game lasted 00:06:36 (3825 turns).

Peloso the Skirmisher (Minotaur Fighter)            Turns: 3825, Time: 00:06:37

Health: 56/56      AC: 11    Str: 20    XL:     6   Next: 39%
Magic:  5/5        EV:  9    Int:  5    God:    Okawaru [......]
Gold:   173        SH: 10    Dex: 12    Spells: 5/5 levels left

rFire   . . .      SeeInvis .   a - +1 long sword
rCold   . . .      Faith    .   c - +0 buckler
rNeg    . . .      Spirit   .   b - +0 scale mail
rPois   .          Reflect  +   n - +2 hat
rElec   .          Harm     .   (no cloak)
rCorr   .          Rampage  .   g - +0 pair of gloves
Will    .....                   f - +0 pair of boots
Stlth   ..........              j - amulet of reflection
HPRegen 0.18/turn               (no ring)
MPRegen 0.09/turn               (no ring)

@: no status effects
A: horns 2, retaliatory headbutt, deterioration 1, wild magic 1
a: Renounce Religion


You escaped.
You worshipped Okawaru.
Okawaru was noncommittal.
You visited 1 branch of the dungeon, and saw 4 of its levels.
You also visited: Sewer.

You collected 173 gold pieces.

Inventory:

Hand Weapons
 a - a +1 long sword (weapon)
Armour
 b - a +0 scale mail (worn)
 c - a +0 buckler (worn)
 f - a +0 pair of boots (worn)
 g - a +0 pair of gloves (worn)
 n - a +2 hat (worn)
Jewellery
 j - an amulet of reflection (around neck)
 k - an amulet of magic regeneration
Scrolls
 e - a scroll of fog
 l - a scroll of enchant weapon
Potions
 d - 2 potions of might
 i - a potion of resistance
 m - 2 potions of curing
 o - a potion of heal wounds


   Skills:
 + Level 5.4 Fighting
 + Level 4.7 Long Blades
 + Level 5.2 Armour
 + Level 1.2 Dodging
 + Level 0.3 Stealth
 + Level 4.9 Shields


You had 5 spell levels left.
You didn't know any spells.
Your spell library contained the following spells:

 Spells                   Type           Power      Damage    Failure   Level
 Apportation              Tloc           0%         N/A       92%         1
 Alistair's Intoxication  Tmut/Pois      0%         N/A       100%        5


Dungeon Overview and Level Annotations

Branches:
Dungeon (4/15)              Sewer (visited)
 Temple: D:4-7

Altars:
Okawaru
Wu Jian

Shops:
D:1 =   D:3 (   D:4 =


Innate Abilities, Weirdness & Mutations

You have a pair of horns on your head.
You reflexively headbutt those who attack you in melee.
Your body sometimes deteriorates upon taking damage.
Your spells are a little harder to cast, but a little more powerful.


Message History

Okawaru accepts your kill.
Your Dodging skill increases to level 1!
(D) Dungeon
Where to? (Enter - D:12, ? - help)
What level of the Dungeon? (default 1, ? - help)
You enter the shallow water.
Moving in this stuff is going to be slow.
A ball python comes into view.
The ball python hisses angrily.
The ball python barely misses you. You furiously retaliate!
You headbutt the ball python. The ball python barely misses you.
You closely miss the ball python.
The ball python is severely wounded.
The ball python closely misses you. The ball python grabs you.
The ball python constricts you. You block the ball python's attack.
The ball python constricts you.
You slash the ball python!
You kill the ball python!
Okawaru accepts your kill.
(D) Dungeon
Where to? (Enter - D:1 @ (x,y), ? - help) HP restored.
You open the door.
There is an open door here.
There is an open door here.
You open the door.
There is an open door here.
There is a stone staircase leading up here.
You climb upwards.
There is a stone staircase leading down here.
There is a stone staircase leading up here.
You climb upwards.
There is a stone staircase leading down here.
There is a stone staircase leading up here.
You climb upwards.
There is a stone staircase leading down here.
You see here 30 arrows.
There is a staircase leading out of the dungeon here.
Are you sure you want to leave the Dungeon?
This will make you lose the game!
You have escaped!

.# ##..##>...##>.# .#
#..###...###.# .#
#...##....#..# .#
##..###...##.# .#
##...##....#.# .#
#....###...#.# .#
#.....###..### .###
###...##...'.######
...#
######.@..#..##.#....#
.#.#
#.....###.#####...##.#
##.#
#.###.#.......#...##.#
...# #.#
#.#..###.##.####.#
##########.###.#..#
#.##.# #.#
...........##....(#
#.##.# #.#
#################.#
#.##.# #.#
#...........#
#.##.####.#
#.###########
#.##....#.#


There were no monsters in sight!

Vanquished Creatures
  A black bear (D:4)
  A kobold brigand (Sewer)
  Robin (D:3)
  10 adders
  2 river rats (Sewer)
  3 worms
  3 dart slugs
  3 orcs (D:3)
  6 endoplasms
  3 giant cockroaches
  12 goblins
  5 hobgoblins
  7 kobolds
  A quokka (D:3)
  6 ball pythons
  5 bats
  3 frilled lizards
  6 rats
78 creatures vanquished.

Vanquished Creatures (others)
  A kobold (D:3)
1 creature vanquished.

Grand Total: 79 creatures vanquished

Notes
Turn   | Place    | Note
-------+----------+-------------------------------------------
     0 | D:1      | Peloso the Minotaur Fighter began the quest for the Orb.
     0 | D:1      | Reached XP level 1. HP: 19/19 MP: 0/0
   157 | D:1      | You fall into a shaft and drop 1 floor!
   176 | D:2      | Reached XP level 2. HP: 26/27 MP: 1/1
   188 | D:2      | Reached XP level 3. HP: 9/34 MP: 2/2
   726 | D:2      | Reached XP level 4. HP: 36/41 MP: 3/3
  1332 | D:1      | Found Ogeumes's Jewellery Shoppe.
  1598 | D:1      | Found a faded altar of an unknown god.
  2117 | D:3      | Found an iron altar of Okawaru.
  2121 | D:3      | Became a worshipper of Warmaster Okawaru
  2195 | D:3      | Found Zoxto's Weapon Emporium.
  2224 | D:3      | Found an ornate altar of the Wu Jian Council.
  2278 | D:3      | Noticed Robin
  2285 | D:3      | Reached skill level 5 in Fighting
  2301 | D:3      | Killed Robin
  2638 | D:3      | Reached XP level 5. HP: 48/48 MP: 4/4
  2995 | D:4      | Found Binwan Ytto's Jewellery Shoppe.
  3084 | D:4      | Found a glowing drain.
  3088 | D:4      | Noticed a black bear
  3095 | Sewer    | Entered a sewer
  3494 | Sewer    | Reached skill level 5 in Armour
  3494 | Sewer    | Reached XP level 6. HP: 30/56 MP: 5/5
  3683 | Sewer    | Gained mutation: Your body sometimes deteriorates upon
                  | taking damage. [potion of mutation]
  3683 | Sewer    | Gained mutation: Your spells are a little harder to cast,
                  | but a little more powerful. [potion of mutation]
  3693 | D:4      | Reached skill level 1 in Dodging
  3825 | D:$      | Got out of the dungeon alive.

Illustrated notes

Levels and vault maps discovered:
D:1:      dpeg_arrival_long_road, layout_basic, serial_shops, shop_fountains,
          chequers_ecumenical_altar_grove
D:2:      layout_rooms
D:3:      layout_loops_cross, nicolae_wu_jian_wuxing_cycle,
          mainiacjoe_overflow_alcove_1, serial_shops, shop_statue,
          wad_floor_pattern_2, uniq_robin
D:4:      layout_gridville, serial_shops, nicolae_shop_crystal,
          cheibrodos_sewer_entry_sluice, minmay_misc_feat_tiny,
          minmay_crystal_water

Skill      XL: |  1  2  3  4  5  6 |
---------------+-------------------+-----
Fighting       | 4 5 |  5.4
Armour         | 4 5 |  5.2
Long Blades    | 3 4 |  4.7
Shields        | 4 |  4.9
Dodging        | 1 |  1.2
Stealth        | |  0.3

Action                   |  1- 3 |  4- 6 || total
-------------------------+-------+-------++-------
Melee: Long sword        |    54 |   170 ||   224
       Headbutt          |     9 |    18 ||    27
  Use: Scroll            |       |     8 ||     8
       Potion            |       |     2 ||     2
Armor: Scale mail        |    26 |    81 ||   107
Dodge: Dodged            |    21 |    64 ||    85
Block: Buckler           |    14 |    91 ||   105
       Reflection        |       |     4 ||     4
